 Dungeon Crawl Stone Soup version 0.26-a0-651-gb41185065b (webtiles) character file.

Game seed: 12457879810333113823

34 Lanoc the Sneak (level 3, 0/23 HPs)
             Began as a Tengu Delver on Oct 2, 2020.
             Slain by an orc wizard
             ... wielding a +0 dagger
              (2 damage)
             ... on level 5 of the Dungeon.
             The game lasted 00:00:38 (137 turns).

Lanoc the Sneak (Tengu Delver)                       Turns: 137, Time: 00:00:38

Health: 0/23       AC:  3    Str: 12    XL:     3   Next: 31%
Magic:  4/4        EV: 13    Int: 10    God:
Gold:   0          SH:  0    Dex: 16    Spells: 2/2 levels left

rFire    . . .     SeeInvis .   a - +0 falchion
rCold    . . .     Faith    .   (no shield)
rNeg     . . .     Spirit   .   b - +0 leather armour
rPois    .         Reflect  .   (helmet restricted)
rElec    .         Harm     .   (no cloak)
rCorr    .         Rampage  .   (no gloves)
MR       .....                  (boots unavailable)
Stlth    +++.......             (no amulet)
HPRegen  0.07/turn              (no ring)
MPRegen  0.09/turn              (no ring)

@: hasted, very quick
A: beak, talons 3
a: no special abilities


You were on level 5 of the Dungeon.
You visited 1 branch of the dungeon, and saw 1 of its levels.

Inventory:

Hand Weapons
 a - a +0 falchion (weapon)
Armour
 b - a +0 leather armour (worn)
Wands
 g - a wand of digging (3)
Scrolls
 c - a scroll of fog
 d - a scroll of magic mapping
 e - a scroll of fear
 h - a scroll of teleportation {unknown}


   Skills:
 + Level 3.3 Fighting
 * Level 3.2 Long Blades
 + Level 2.7 Dodging
 - Level 5.0 Stealth


You had 2 spell levels left.
You didn't know any spells.
Your spell library was empty.

Dungeon Overview and Level Annotations

Branches:
Dungeon (5/15)
 Temple: D:4-7

Altars:


Innate Abilities, Weirdness & Mutations

You have a beak for a mouth.
You have claws for feet.


Message History

You hit the orc wizard. You claw the orc wizard. You peck the orc wizard.
The orc wizard is heavily wounded.
The orc wizard hits you but does no damage.
The giant cockroach closely misses you.
You riposte.
You hit the giant cockroach but do no damage.
You claw the giant cockroach.
The giant cockroach is severely wounded.
You hit the orc wizard.
The orc wizard is almost dead.
The orc wizard closely misses you.
The giant cockroach bites you but does no damage.
You closely miss the orc wizard.
The orc wizard is almost dead.
The orc wizard looks braver for a moment.
You barely miss the orc wizard.
The orc wizard is almost dead.
The giant cockroach bites you.
* * * LOW HITPOINT WARNING * * *
The orc wizard hits you with a +0 dagger.
You die...

#.#...# #.#...#
#.#...######
#)#........#
#.#........#
#####.#........##.
#.................
#####......s......
###...@o...#
#........#
####.....# #.....#
#.....# #######


You could see an orc wizard (fast) and a giant cockroach.

Vanquished Creatures
  An orc priest (D:5)
  2 orcs (D:5)
  A quokka (D:5)
4 creatures vanquished.

Notes
Turn   | Place    | Note
-------+----------+-------------------------------------------
     0 | D:5      | Lanoc the Tengu Delver began the quest for the Orb.
     0 | D:5      | Reached XP level 1. HP: 14/14 MP: 2/2
     5 | D:5      | Noticed an orc wizard
     6 | D:5      | Noticed an orc priest
   111 | D:5      | Killed an orc priest
   111 | D:5      | Reached XP level 2. HP: 16/19 MP: 3/3
   111 | D:5      | Reached XP level 3. HP: 20/23 MP: 4/4
   137 | D:5      | Slain by an orc wizard

Illustrated notes

Levels and vault maps discovered:
D:5:      cheibrodos_iron_armory, layout_basic, lemuel_crystal_altar,
          lemuel_zombie_altar_kikubaaqudgha, hangedman_decor_points,
          nicolae_ru_awakened_eye

Skill      XL: |  1 |
---------------+----+-----
Long Blades    | 3 |  3.2
Fighting       | |  3.3
Dodging        | |  2.7
Stealth        | |  5.0

Action                   || total
-------------------------++-------
Melee: Falchion          ||    17
       Kick              ||     5
       Peck              ||     3
  Use: Potion            ||     1
Armor: Leather armour    ||     4
Dodge: Dodged            ||    11
       Rpst.: Falchion   ||     1

Table legend: (Time is in decaauts)
 A = Elapsed time spent in this place.
 B = Non-inter-level travel time spent in this place.
 C = Inter-level travel time spent in this place.
 D = Time resting spent in this place.
 E = Time spent auto-exploring this place.
 F = Levels seen in this place.
 G = Mean time per level.
                   A        B        C        D        E       F      G
               +--------+--------+--------+--------+--------+-----+--------+
         Total |    138 |    138 |      0 |     71 |      0 |   1 |  138.0 |
       Dungeon |    138 |    138 |      0 |     71 |      0 |   1 |  138.0 |
               +--------+--------+--------+--------+--------+-----+--------+

Top non-repeatable levels by time:
     D:5: 138 daAuts
